 Dungeon Crawl Stone Soup version 0.23.2-1-ga50397a6bc (webtiles) character file.

Game seed: 11727770151148925053

34 Kobolds4U the Skirmisher (level 3, 0/45 HPs)
             Began as a Demonspawn Berserker on Apr 26, 2019.
             Was a Follower of Trog.
             Succumbed to an adder's poison
             ... on level 2 of the Dungeon.
             The game lasted 00:03:34 (1416 turns).

Kobolds4U the Skirmisher (Demonspawn Berserker)     Turns: 1416, Time: 00:03:35

Health: 0/45       AC: 21    Str: 18    XL:     3   Next: 14%
Magic:  3/3        EV:  2    Int:  8    God:    Trog [*.....]
Gold:   88         SH:  0    Dex: 12    Spells: 2/2 levels left

rFire    . . .     SeeInvis .   a - +0 falchion
rCold    . . .     Gourm    .   (no shield)
rNeg     + + +     Faith    .   (armour currently unavailable)
rPois    +         Spirit   .   (helmet currently unavailable)
rElec    .         Reflect  .   (cloak currently unavailable)
rCorr    .         Harm     .   (gloves currently unavailable)
MR       .....     NoTele   +   (boots currently unavailable)
Stlth    +.........             (no amulet)
HPRegen  0.15/turn              (no ring)
MPRegen  0.08/turn              (no ring)

@: lethally poisoned (0 -> -1), tree-form, hasted, very quick
A: no striking features
a: Berserk, Renounce Religion


You were on level 2 of the Dungeon.
You worshipped Trog.
Trog was aware of your devotion.
You were hungry.
You were a tree.
You visited 1 branch of the dungeon, and saw 2 of its levels.

You collected 88 gold pieces.

Inventory:

Hand Weapons
 a - a +0 falchion (weapon)
Armour
 b - a +0 scale mail (melded)
Scrolls
 f - 2 scrolls of identify
 g - 3 scrolls of teleportation
Potions
 e - a potion of lignification
Comestibles
 c - 4 rations
 i - a chunk of flesh


   Skills:
 * Level 3.9 Fighting
 + Level 3.1 Long Blades
 - Level 1.7 Armour
 - Level 1.7 Dodging


You had 2 spell levels left.
You didn't know any spells.
Your spell library was empty.

Dungeon Overview and Level Annotations

Branches:
Dungeon (2/15)

Altars:


Innate Abilities, Weirdness & Mutations

((You have a pair of small antennae on your head.))
((You are partially covered in thin metallic scales. (AC +2)))


Message History

Okay, then.
As you read the scroll labeled DILUICADEH, it crumbles to dust.
It is a scroll of identify.
g - 3 scrolls of teleportation The hobgoblin barely misses you.
As you read the scroll labeled ROWEANG BIQEA, it crumbles to dust.
It is a scroll of amnesia.
You feel forgetful for a moment.
You aren't carrying any pieces of jewellery.
Your armour is currently melded into you.
You hit the hobgoblin but do no damage.
The hobgoblin hits you but does no damage.
A goblin comes into view. It is wielding a +0 club.
You completely miss the hobgoblin.
The goblin shouts!
You hear a shout!
The hobgoblin barely misses you.
You closely miss the hobgoblin.
The hobgoblin hits you but does no damage.
You closely miss the hobgoblin.
You die...

....# ...# ...#
######..# ##
...........#
........#..#
...........#
.......
......wg######
.......
.......gg♣...#
.......
.......g##...#
.......
.......>##...#
###....(..
...g...###...#
......... .......
#...#####........
#######
#.#.....#÷#####
#.#.###.#.....#
#.#.#...(.###.#
#.#...#.#.# #.#


You could see a worm, 2 hobgoblins and 3 goblins.

Vanquished Creatures
  An adder (D:2)
  2 leopard geckos
  A bat (D:1)
  A giant cockroach (D:1)
  A goblin (D:1)
  3 hobgoblins
  4 jackals (D:1)
  3 kobolds
  A frilled lizard (D:1)
  3 rats (D:1)
20 creatures vanquished.

Notes
Turn   | Place    | Note
-------+----------+-------------------------------------------
     0 | D:1      | Kobolds4U the Demonspawn Berserker began the quest for the
                  | Orb.
     0 | D:1      | Reached XP level 1. HP: 18/18 MP: 1/1
   450 | D:1      | Gained mutation: You are partially covered in thin metallic
                  | scales. (AC +2) [demonic ancestry]
   450 | D:1      | Reached XP level 2. HP: 16/24 MP: 2/2
  1408 | D:2      | HP: 1/37 [adder (1)]
  1410 | D:2      | Gained mutation: You have a pair of small antennae on your
                  | head. [demonic ancestry]
  1410 | D:2      | Reached XP level 3. HP: 2/30 MP: 3/3
  1416 | D:2      | Succumbed to an adder's poison

Skill      XL: |  1  2 |
---------------+-------+-----
Long Blades    | 3 |  3.1
Fighting       | |  3.9
Armour         | |  1.7
Dodging        | |  1.7

Action                   || total
-------------------------++-------
Melee: Falchion          ||    70
  Use: Potion            ||     2
       Scroll            ||     2
  Eat: Chunk             ||     1
Armor: Leather armour    ||     6
       Scale mail        ||    19
       Skin              ||     9
Dodge: Dodged            ||    32
       Rpst.: Falchion   ||    10
